 Dungeon Crawl Stone Soup version 0.24-a0-513-g284f782df5 (webtiles) character file.

Game seed: 1506147078604435084

13012 AarnesTheHuman the Fighter (level 12, 0/132 HPs)
             Began as an Ogre Wizard on July 20, 2019.
             Was a Priest of Vehumet.
             Slain by Erica
             ... wielding a +0 scimitar of flaming
              (1 damage)
             ... on level 10 of the Dungeon.
             The game lasted 02:19:40 (21009 turns).

AarnesTheHuman the Fighter (Ogre Wizard)           Turns: 21009, Time: 02:19:41

Health: 0/132      AC:  6    Str: 16    XL:     12   Next: 1%
Magic:  26/26      EV: 10    Int: 21    God:    Vehumet [***...]
Gold:   494        SH:  0    Dex:  7    Spells: 25/31 levels left

rFire    + . .     SeeInvis .   Q - +2 hand axe (elec)
rCold    . . .     Gourm    .   t - +3 shield
rNeg     . . .     Faith    .   K - +2 robe {rF+}
rPois    +         Spirit   .   b - +1 hat
rElec    .         Reflect  .   (no cloak)
rCorr    .         Harm     .   (gloves unavailable)
MR       +....                  (boots unavailable)
Stlth    +.........             J - amulet of magic regeneration
HPRegen  0.32/turn              m - +4 ring of slaying
MPRegen  0.45/turn              s - ring of poison resistance

@: confused, slowed, studying Necromancy, very slow
A: large, unfitting armour, tough skin 1
a: Renounce Religion


You were on level 10 of the Dungeon.
You worshipped Vehumet.
Vehumet was most pleased with you.
You were not hungry.

You visited 3 branches of the dungeon, and saw 13 of its levels.
You also visited: Sewer.

You collected 825 gold pieces.
You spent 331 gold pieces at shops.

Inventory:

Hand Weapons
 c - a +1 vampiric dagger
 h - a +1 dagger of electrocution
 D - a +2 great sword of electrocution
 Q - a +2 hand axe of electrocution (weapon)
 R - a +0 dagger of venom
Armour
 b - a +1 hat (worn)
 t - a +3 shield (worn)
 K - a +2 robe of fire resistance (worn)
Jewellery
 m - a +4 ring of slaying (left hand)
 o - an uncursed ring of positive energy
 q - an uncursed ring of stealth
 s - a ring of poison resistance (right hand)
 J - an amulet of magic regeneration (around neck)
 M - a +3 ring of evasion
Wands
 a - a wand of random effects (21)
 p - a wand of acid (5)
 w - a wand of digging (4)
 B - a wand of enslavement (11)
 E - a wand of iceblast (16)
 F - a wand of polymorph (7)
 L - a wand of paralysis (5)
Scrolls
 f - 7 scrolls of remove curse
 g - 6 scrolls of teleportation
 r - 2 scrolls of magic mapping
 v - a scroll of fear {unknown}
 x - 2 scrolls of fog
 C - a scroll of blinking
 N - a scroll of summoning
 P - a scroll of immolation {unknown}
Potions
 e - 3 potions of magic
 i - 2 potions of invisibility
 j - 2 potions of brilliance
 k - 4 potions of curing
 l - a potion of cancellation
 n - 6 potions of flight
 u - 2 potions of agility
 z - a potion of lignification {unknown}
 A - a potion of heal wounds {unknown}
 G - a potion of mutation
 H - 2 potions of haste
 S - 2 potions of berserk rage
Books
 O - a manual of Necromancy
Miscellaneous
 y - a lamp of fire (inert)
Comestibles
 d - 19 rations
 I - 2 chunks of flesh


   Skills:
 + Level 12.1 Fighting
 + Level 4.6 Axes
 - Level 1.7 Dodging
 - Level 1.4 Stealth
 - Level 9.0 Shields
 + Level 10.2 Spellcasting
 + Level 8.0 Conjurations
   Level 0.8 Summonings
   Level 0.8 Translocations


You had 25 spell levels left.
You knew the following spells:

 Your Spells              Type           Power        Failure   Level  Hunger
a - Magic Dart            Conj           ####         1%          1    None
b - Freeze                Ice            ##..         1%          1    None
c - Olgreb's Toxic Radia  Pois           ##......     17%         4    ##.....

Your spell library contained the following spells:

 Spells                   Type           Power        Failure   Level  Hunger
 Conjure Flame            Conj/Fire      ####....     1%          3    None
 Mephitic Cloud           Conj/Pois/Air  ###.....     1%          3    None
 Blink                    Tloc           N/A          7%          2    None
 Call Imp                 Summ           ##......     7%          2    None
 Slow                     Hex            ##......     10%         2    None


Dungeon Overview and Level Annotations

Branches:
Dungeon (11/15)            Temple (1/1) D:6            Lair (0/6) D:11
    Orc (1/2) D:9

Altars:
Ashenzari
Cheibriados
Dithmenos
Elyvilon
Fedhas
Gozag
Hepliaklqana
Kikubaaqudgha
Makhleb
Qazlal
Ru
Trog
Uskayaw
Vehumet
Wu Jian
Xom
Zin
Beogh

Shops:
D:9 *

Annotations:
D:3 exclusion: downstairs
D:5 exclusion: downstairs
D:7 exclusion: downstairs
D:9 3 runed translucent doors, 5 exclusions, forest's ghost, novice SpAs
D:11 Erica
Orc:1 3 runed translucent doors, 1 exclusion, Booproqi's ghost, journeyman DsFi; Ycuamn's ghost, journeyman GnCK


Innate Abilities, Weirdness & Mutations

You are too large for most types of armour.
You have tough skin. (AC +1)


Message History

* * * LOW HITPOINT WARNING * * *
The orb of energy explodes!
You hear some strange, mumbled words.
An orb of energy appears from out of thin air!
The orb of energy hits you!
* * * LOW HITPOINT WARNING * * *
You hear some strange, mumbled words.
You are confused.
There is an open door here.
You're too confused to move!
You're too confused!
You bump into the rock wall.
You hear some strange, mumbled words.
An orb of energy appears from out of thin air!
The orb of energy hits you.
* * * LOW HITPOINT WARNING * * *
The orb of energy explodes!
Something hits you!
* * * LOW HITPOINT WARNING * * *
Something burns you.
You die...

.#.......#.....#
.#.......#.....#
.#.......#.....#
##########.....###
..............##.#
..............#..#
..............#..#
..............'..#
..............##@#
..##########'###.####
..#.......#.........#
..#.......#.........#
..#.......#.........##
..#####..###..###....#
'######(.###..#....###
...#..........#....#
...#..........#....#


There were no monsters in sight!

Vanquished Creatures
  Harold (D:7)
  Erolcha (D:11)
  3 two-headed ogres (D:8)
  Urug (D:10)
  Pikel (D:4)
  2 cyclopes
  4 centaur zombies
  A troll (D:9)
  3 hippogriffs
  3 wyverns
  A wraith (D:11)
  A shadow (D:9)
  4 sky beasts
  An eye of draining (D:10)
  11 orc warriors
  2 black bears
  4 ice beasts
  3 slaves (D:5)
  An ogre (D:5)
  2 phantoms
  6 centaurs
  A crocodile (D:10)
  2 big kobolds (D:9)
  6 bullfrogs
  2 scorpions
  An oklob sapling (D:6)
  9 killer bees
  2 howler monkeys (D:10)
  2 vampire bats (D:6)
  3 crimson imps
  A bullfrog zombie (D:7)
  4 jellies
  A quasit (D:8)
  8 hounds
  A centaur skeleton (D:5)
  8 orc priests
  2 bullfrog skeletons
  3 iguanas
  A merfolk siren (Sewer)
  10 orc wizards
  11 worker ants
  A merfolk avatar (Sewer)
  2 human simulacra (D:9)
  2 hound skeletons
  2 worker ant zombies
  10 adders
  A howler monkey skeleton (D:4)
  3 river rats (Sewer)
  4 shadow imps
  6 oozes
  2 adder skeletons
  3 adder zombies
  7 worms
  A dart slug (D:1)
  6 leopard geckos
  83 orcs
  11 bats
  3 bat skeletons (D:6)
  2 bat zombies (D:6)
  10 giant cockroaches
  5 goblins
  11 hobgoblins
  7 jackals
  10 kobolds
  7 ball pythons
  11 frilled lizards
  A jackal skeleton (D:7)
  3 leopard gecko skeletons
  3 quokka skeletons
  24 rats
  A bush (D:7)
  A plant (D:6)
377 creatures vanquished.

Vanquished Creatures (others)
  A slave (D:5)
  An adder (D:5)
  An orc (D:9)
  A quokka (D:5)
  3 withered plants (Orc:1)
7 creatures vanquished.

Grand Total: 384 creatures vanquished

Notes
Turn   | Place    | Note
-------+----------+-------------------------------------------
     0 | D:1      | AarnesTheHuman the Ogre Wizard began the quest for the Orb.
     0 | D:1      | Reached XP level 1. HP: 16/16 MP: 5/5
   170 | D:1      | Reached skill level 1 in Conjurations
   261 | D:1      | Reached skill level 1 in Fighting
   296 | D:1      | Reached XP level 2. HP: 27/27 MP: 1/6
   640 | D:1      | Reached XP level 3. HP: 30/35 MP: 6/8
   941 | D:2      | Reached skill level 2 in Fighting
   945 | D:2      | Found a shadowy altar of Dithmenos.
  1250 | D:2      | Reached XP level 4. HP: 44/44 MP: 6/10
  1334 | D:2      | Reached skill level 1 in Shields
  1721 | D:2      | Found a sacrificial altar of Ru.
  2118 | D:3      | Reached skill level 3 in Fighting
  2118 | D:3      | Reached XP level 5. HP: 51/53 MP: 5/11
  3030 | D:3      | Reached XP level 6. HP: 57/62 MP: 13/13
  3115 | D:4      | Reached skill level 5 in Spellcasting
  3170 | D:4      | Reached skill level 4 in Fighting
  3508 | D:5      | Entered Level 5 of the Dungeon
  3589 | D:5      | Found a glowing drain.
  3610 | D:5      | Reached XP level 7. HP: 71/71 MP: 5/14
  3617 | Sewer    | Entered a sewer
  4321 | D:5      | Found a white marble altar of Elyvilon.
  4500 | D:5      | Reached skill level 5 in Fighting
  5043 | D:5      | Noticed Pikel
  5467 | D:5      | Reached XP level 8. HP: 81/81 MP: 14/17
  6113 | D:5      | Reached skill level 6 in Fighting
  6410 | D:4      | Killed Pikel
  6803 | D:6      | Reached skill level 7 in Fighting
  6885 | D:5      | Reached skill level 5 in Conjurations
  6885 | D:5      | Reached XP level 9. HP: 57/93 MP: 15/19
  7110 | D:6      | Found Quedunoe's Magic Scroll Shoppe.
  7141 | D:6      | Found a bloodstained altar of Trog.
  7173 | D:6      | Reached skill level 5 in Shields
  7819 | D:6      | Found an ancient bone altar of Kikubaaqudgha.
  7957 | D:6      | Found a staircase to the Ecumenical Temple.
  8169 | Temple   | Entered the Ecumenical Temple
  8217 | Temple   | Became a worshipper of Vehumet
  8302 | D:7      | Found a blossoming altar of Fedhas.
  8699 | D:7      | Found an ornate altar of the Wu Jian Council.
  8910 | D:7      | Reached skill level 8 in Fighting
  9030 | D:7      | Noticed Harold
  9042 | D:7      | Killed Harold
  9289 | D:7      | Reached XP level 10. HP: 89/106 MP: 18/22
  9324 | D:7      | Reached * piety under Vehumet
  9324 | D:7      | Offered knowledge of Freeze by Vehumet.
  9642 | D:7      | Reached skill level 9 in Fighting
 10083 | D:8      | Noticed a two-headed ogre
 11123 | D:8      | Killed a two-headed ogre
 11284 | D:9      | Found Yrritt's General Store.
 11290 | D:9      | Reached skill level 10 in Fighting
 11298 | D:9      | Bought a scroll of teleportation for 48 gold pieces
 11298 | D:9      | Bought a +2 robe of fire resistance for 283 gold pieces
 11460 | D:9      | Found a runed translucent gate.
 11461 | D:9      | Found a runed translucent gate.
 11461 | D:9      | Found a runed translucent gate.
 11464 | D:9      | Found the cursed +13 scythe of Curses {drain, *Curse}
 11664 | D:9      | Noticed a two-headed ogre
 11850 | D:8      | Reached ** piety under Vehumet
 11990 | D:8      | Learned a level 1 spell: Freeze
 12895 | D:8      | Noticed a two-headed ogre
 12942 | D:8      | Killed a two-headed ogre
 12942 | D:8      | Reached XP level 11. HP: 86/119 MP: 21/23
 13378 | D:8      | Offered knowledge of Sandblast by Vehumet.
 14679 | D:8      | Killed a two-headed ogre
 14679 | D:8      | Reached skill level 11 in Fighting
 14975 | D:9      | Found a glowing silver altar of Zin.
 15988 | D:9      | Offered knowledge of Ignite Poison by Vehumet.
 16344 | D:9      | Found a staircase to the Orcish Mines.
 16540 | D:9      | Noticed forest's ghost (novice SpAs)
 16570 | D:10     | Entered Level 10 of the Dungeon
 16719 | D:10     | Reached skill level 1 in Axes
 16766 | D:10     | Reached *** piety under Vehumet
 17713 | Orc:1    | Entered Level 1 of the Orcish Mines
 17728 | Orc:1    | Found a runed translucent gate.
 17728 | Orc:1    | Found a runed translucent gate.
 17729 | Orc:1    | Found a runed translucent gate.
 17917 | Orc:1    | Noticed Booproqi's ghost (journeyman DsFi)
 17917 | Orc:1    | Noticed Ycuamn's ghost (journeyman GnCK)
 17917 | Orc:1    | Noticed Ycuamn's ghost (journeyman GnCK)
 17975 | Orc:1    | Noticed a cyclops
 17991 | Orc:1    | Killed a cyclops
 19046 | Orc:1    | Noticed an orc warlord
 19053 | Orc:1    | Found a roughly hewn altar of Beogh.
 19053 | Orc:1    | Noticed an orc high priest
 19440 | D:11     | Noticed a cyclops
 19541 | D:11     | Killed a cyclops
 19541 | D:11     | Offered knowledge of Olgreb's Toxic Radiance by Vehumet.
 19547 | D:11     | Learned a level 4 spell: Olgreb's Toxic Radiance
 19734 | D:11     | Found a staircase to the Lair.
 19742 | D:11     | Found Samyaff's Weapon Shop.
 19801 | D:11     | Noticed Erolcha
 19811 | D:11     | Killed Erolcha
 19811 | D:11     | Reached skill level 10 in Spellcasting
 20449 | D:11     | Noticed Urug
 20647 | D:10     | Killed Urug
 20647 | D:10     | Reached skill level 12 in Fighting
 20925 | D:10     | Reached XP level 12. HP: 118/132 MP: 26/26
 20980 | D:11     | Noticed Erica
 21009 | D:10     | HP: 1/132 [something (7)]
 21009 | D:10     | Slain by Erica

Levels and vault maps discovered:
D:1:      minmay_arrival_semitransparent, layout_loops_ring, serial_forest,
          infiniplex_forest_lined_2, infiniplex_forest_clump_diagonal,
          infiniplex_forest_straight_3, infiniplex_forest_clump_small,
          infiniplex_forest_lined_room_, infiniplex_forest_split,
          infiniplex_forest_zigzag_1, infiniplex_forest_lined_room_2,
          infiniplex_forest_lined_corner
D:2:      layout_loops_ring, lemuel_round_altar, nicolae_dithmenos_shadow_blocks
D:3:      layout_rooms
D:4:      layout_rooms, first_ration, small_statue_intersection
D:5:      minmay_clustersquares, layout_layer_cave, elyvilon_altar_4,
          cheibrodos_sewer_entry_bend, uniq_pikel
D:6:      layout_loops_ring, trog_ov_bears_minmay, kennysheep_vampire_church,
          minmay_temple_entry_oklob, serial_shops, shop_fountains
D:7:      layout_layer_cave, kennysheep_little_box,
          fedhas_bush_and_centaur_altar, uniq_harold
D:8:      layout_loops_corners, hangedman_little_slice_of_home,
          minmay_manual_mullet
D:9:      layout_roguey, zin_scriptorium, hiddenorc1_lemuel, special_room
          [special_room_orc], serial_shops, shop, gammafunk_ghost_spectres,
          bh_circular_ruins
D:10:     layout_gridville
D:11:     layout_irregular_city, lair_entry_dummy, serial_shops,
          nicolae_shop_behind_doors, basic_altar, uniq_urug, uniq_erolcha,
          uniq_fannar, uniq_erica
Temple:   zaba_magenta_temple
Orc:1:    orc_temple, layout_caves, gammafunk_ghost_cemetery

Skill      XL: |  1  2  3  4  5  6  7  8  9 10 11 |
---------------+----------------------------------+-----
Conjurations   | 1 2 3 4 5 6 8 |  8.0
Fighting       | 1 2 3 4 5 7 8 10 12 | 12.1
Spellcasting   | 4 5 6 7 8 10 | 10.2
Shields        | 1 2 3 4 6 9 |  9.0
Axes           | 4 |  4.6
Dodging        | |  1.7
Stealth        | |  1.4
Summonings     | |  0.8
Translocations | |  0.8

Action                   |  1- 3 |  4- 6 |  7- 9 | 10-12 || total
-------------------------+-------+-------+-------+-------++-------
Melee: Dagger            |    46 |    59 |   270 |   233 ||   608
       Hand axe          |       |       |       |   172 ||   172
 Cast: Magic Dart        |    71 |   132 |   204 |   495 ||   902
       Olgreb's Toxic Ra |       |       |       |     2 ||     2
Evoke: Wand              |       |       |     4 |     1 ||     5
       Lamp of fire      |       |       |       |     1 ||     1
  Use: Scroll            |     1 |    10 |     5 |    10 ||    26
 Stab: Sleeping          |       |       |     1 |       ||     1
       Distracted        |       |       |       |     1 ||     1
  Eat: Chunk             |     1 |     7 |     8 |    12 ||    28
       Ration            |       |       |     3 |     8 ||    11
Armor: Robe              |    19 |     9 |    81 |   114 ||   223
Dodge: Dodged            |    35 |    18 |   136 |   227 ||   416
Block: Shield            |     5 |       |    11 |   230 ||   246

Table legend:
 A = Non-vault XP
 B = Vault XP
 C = Vault XP percentage of total XP
 D = Non-vault monster count
 E = Vault monster count
 F = Vault count percentage of total count
                 A         B        C        D         E       F
            +---------+---------+-------+---------+---------+-------
      Total |   11936 |    6653 |  35.8 |     253 |     119 |  32.0
            +---------+---------+-------+---------+---------+-------
        D:1 |      35 |       0 |   0.0 |      20 |       0 |   0.0
        D:2 |     112 |       0 |   0.0 |      28 |       0 |   0.0
        D:3 |     124 |       0 |   0.0 |      15 |       0 |   0.0
        D:4 |     286 |     617 |  68.3 |      21 |       1 |   4.5
        D:5 |     520 |     496 |  48.8 |      22 |      10 |  31.2
        D:6 |     396 |     314 |  44.2 |       8 |       9 |  52.9
        D:7 |    1217 |    1146 |  48.5 |      24 |       2 |   7.7
        D:8 |    3133 |    1518 |  32.6 |      28 |      16 |  36.4
        D:9 |    1754 |     569 |  24.5 |      30 |      40 |  57.1
       D:10 |    1947 |     839 |  30.1 |      27 |       1 |   3.6
       D:11 |    1415 |     995 |  41.3 |      16 |       1 |   5.9
      Orc:1 |     997 |       0 |   0.0 |      14 |       0 |   0.0
      Sewer |       0 |     159 | 100.0 |       0 |      39 | 100.0
            +---------+---------+-------+---------+---------+-------
